 Dungeon Crawl Stone Soup version 0.27-a0-1232-gc6a4cbde82 (webtiles) character file.

Game seed: 13476475112951708073

59474 freelancePsychic the Destroyer (level 14, -8/92 HPs)
             Began as a Gargoyle Earth Elementalist on June 8, 2021.
             Was a High Priest of Ashenzari.
             Mangled by an orc warrior
             ... wielding a +2 long sword of electrocution
              (10 damage)
             ... while paralysed by an orc sorcerer
             ... on level 2 of the Orcish Mines on June 9, 2021.
             The game lasted 01:30:55 (29234 turns).

freelancePsychic the Destroyer (GrEE)              Turns: 29234, Time: 01:30:55

Health: -8/92      AC: 20    Str: 13    XL:     14   Next: 95%
Magic:  38/38      EV:  2    Int: 20    God:    Ashenzari [*****.]
Gold:   1556       SH:  0    Dex: 10    Spells: 4/35 levels left

rFire    + . .     SeeInvis +   I - staff of conjuration (curse) {Elem, Range}
rCold    + . .     Faith    .   (no shield)
rNeg     + . .     Spirit   .   S - +2 robe of Ashenzari's Disgust {rC+ rF+, Bglg, Evo} (curse)
rPois    ∞         Reflect  +   n - +0 helmet of the Oracular Stars {Cun, Range} (curse)
rElec    +         Harm     .   (no cloak)
rCorr    +         Rampage  .   R - +0 pair of gloves of Cremastomancy {Cun, Melee} (curse)
Will     +....     Clarity  +   y - +1 pair of boots of the Prescient Sorrow {Bglg, Cun} (curse)
Stlth    +++.......             r - amulet "Ruined Together" {Reflect SH+5, Self, Alch} (curse)
HPRegen  0.25/turn              j - ring "Eternal Together" {rCorr, Comp, Cun} (curse)
MPRegen  0.26/turn              J - ring of the Cursed Sage {MP+9, Bglg, Evo} (curse)

@: paralysed, flying
A: sickness immunity, AC +10, big wings, negative energy resistance 1,
electricity resistance, torment resistance 1, petrification resistance
a: Renounce Religion, Curse Item, Shatter the Chains


You were on level 2 of the Orcish Mines.
You worshipped Ashenzari.
Ashenzari was extremely pleased with you.
You visited 3 branches of the dungeon, and saw 19 of its levels.
You also visited: Sewer and Bailey.

You collected 1556 gold pieces.

Inventory:

Missiles
 d - 6 atropa-tipped darts
 t - 13 throwing nets
 A - 4 boomerangs of dispersal
 G - 4 curare-tipped darts
Armour
 n - the cursed +0 helmet of the Oracular Stars (worn) {Cun, Range}
   (You took it off Robin on level 2 of the Dungeon)

   It has a curse which improves the following skills: Cunning: Dodging and
   Stealth.
   Ranged Combat: Slings, Bows, Crossbows and Throwing.
 y - the cursed +1 pair of boots of the Prescient Sorrow (worn) {Bglg, Cun}
   (You found it on level 1 of the Lair of Beasts)

   It has a curse which improves the following skills: Beguiling: Conjurations,
   Hexes and Translocations.
   Cunning:   Dodging and Stealth.
 D - +0 swamp dragon scales
 P - the +11 crystal plate armour of Parlour Games {Str+5 SInv}
   (You acquired it on level 4 of the Lair of Beasts)

   It affects your strength (+5).
   It lets you see invisible.
 R - the cursed +0 pair of gloves of Cremastomancy (worn) {Cun, Melee}
   (You found it on level 2 of the Lair of Beasts)

   It has a curse which improves the following skills: Cunning: Dodging and
   Stealth.
   Melee Combat: Short Blades, Long Blades, Axes, Maces & Flails, Polearms,
   Staves and Unarmed Combat.
 S - the cursed +2 robe of Ashenzari's Disgust (worn) {rC+ rF+, Bglg, Evo}
   (You found it on level 5 of the Lair of Beasts)

   It has a curse which improves the following skills: Beguiling: Conjurations,
   Hexes and Translocations.
   Evocations: Evocations.
Magical Staves
 z - a staff of fire
 I - a cursed staff of conjuration (weapon) {Elem, Range}
Jewellery
 j - the cursed ring "Eternal Together" (left hand) {rCorr, Comp, Cun}
   (You found it on level 2 of the Dungeon)

   [ring of resist corrosion]

   It protects you from acid and corrosion.
   It has a curse which improves the following skills: Companions: Summonings
   and Necromancy.
   Cunning:   Dodging and Stealth.
 r - the cursed amulet "Ruined Together" (around neck) {Reflect SH+5, Self, Alch}
   (You found it on level 3 of the Dungeon)

   [amulet of reflection]

   It reflects blocked missile attacks.
   It affects your SH (+5).
   It has a curse which improves the following skills: Introspection: Fighting
   and Spellcasting.
   Alchemy:   Poison Magic and Transmutations.
 w - a ring of fire
 E - a ring of wizardry
 J - the cursed ring of the Cursed Sage (right hand) {MP+9, Bglg, Evo}
   (You found it on level 9 of the Dungeon)

   [ring of magical power]

   It affects your magic capacity (+9).
   It has a curse which improves the following skills: Beguiling: Conjurations,
   Hexes and Translocations.
   Evocations: Evocations.
Wands
 b - a wand of mindburst (39)
 g - a wand of paralysis (10)
 x - a wand of iceblast (19)
 B - a wand of acid (25)
 H - a wand of flame (39)
 K - a wand of digging (3)
Scrolls
 f - 4 scrolls of amnesia
 h - 3 scrolls of enchant weapon
 l - 3 scrolls of blinking
 p - a scroll of torment
 q - 5 scrolls of fog
 s - 2 scrolls of teleportation {@r4}
 v - 5 scrolls of magic mapping
 F - a scroll of silence
 N - 4 scrolls of immolation
 O - 2 scrolls of summoning
Potions
 a - a potion of cancellation
 c - 3 potions of degeneration
 e - 7 potions of mutation
 i - a potion of berserk rage
 k - 4 potions of curing {@q1}
 m - 2 potions of brilliance
 o - 3 potions of might
 u - 2 potions of ambrosia
 C - 2 potions of resistance
 M - a potion of flight
 Q - a potion of magic


   Skills:
 - Level 10.4(12.9) Fighting
 - Level 8.6 Armour
 - Level 7.6(13.7) Dodging
 - Level 2.1(6.7) Stealth
 * Level 7.6 Shields
 - Level 8.8(11.4) Spellcasting
 - Level 13.9(18.6) Conjurations
 - Level 2.8(5.0) Transmutations
 - Level 13.5(15.8) Earth Magic
 - Level 2.7(6.0) Evocations


You had 4 spell levels left.
You knew the following spells:

 Your Spells              Type           Power      Damage    Failure   Level
a - Irradiate             Conj/Tmut      36%        3d26      1%          5
b - Iron Shot             Conj/Erth      44%        9d9       1%          6
c - Lee's Rapid Deconstr  Erth           32%        3d18*     1%          5
d - Orb of Destruction    Conj           45%        9d15      2%          7
e - Sandblast             Erth           100%       2d20      0%          1
f - Stone Arrow           Conj/Erth      100%       3d13      0%          3
g - Petrify               Tmut/Erth      52%        N/A       1%          4

Your spell library contained the following spells:

 Spells                   Type           Power      Damage    Failure   Level
 Magic Dart               Conj           100%       1d8       0%          1
 Searing Ray              Conj           100%       3d7       0%          2
 Foxfire                  Conj/Fire      100%       2x1d9     1%          1
 Passwall                 Tmut/Erth      43%        N/A       1%          2
 Conjure Flame            Conj/Fire      65%        6-21      1%          3
 Dazzling Flash           Conj/Hex       100%       N/A       1%          3
 Mephitic Cloud           Conj/Pois/Air  54%        N/A       1%          3
 Fulminant Prism          Conj/Hex       33%        3d16      1%          4
 Iskenderun's Mystic Bla  Conj/Tloc      66%        2d14      1%          4
 Sticky Flame             Conj/Fire      65%        2d8       1%          4
 Apportation              Tloc           28%        N/A       4%          1
 Corona                   Hex            15%        N/A       4%          1
 Animate Skeleton         Necr           24%        N/A       5%          1
 Summon Small Mammal      Summ           48%        N/A       5%          1
 Blink                    Tloc           N/A        N/A       6%          2
 Slow                     Hex            14%        N/A       6%          2
 Ensorcelled Hibernation  Hex/Ice        26%        N/A       7%          2
 Call Imp                 Summ           12%        N/A       8%          2
 Ignite Poison            Fire/Tmut/Pois 19%        N/A       9%          3
 Confusing Touch          Hex            14%        N/A       13%         3
 Gell's Gravitas          Tloc           7%         N/A       13%         3
 Portal Projectile        Hex/Tloc       28%        N/A       13%         3
 Tukima's Dance           Hex            14%        N/A       13%         3
 Inner Flame              Hex/Fire       13%        N/A       14%         3
 Summon Guardian Golem    Hex/Summ       13%        N/A       14%         3
 Call Canine Familiar     Summ           12%        N/A       16%         3
 Passage of Golubria      Tloc           N/A        N/A       38%         4
 Summon Ice Beast         Ice/Summ       12%        N/A       45%         4
 Summon Lightning Spire   Summ/Air       12%        N/A       45%         4
 Bolt of Magma            Conj/Fire/Erth 36%        4d16      1%          5
 Iskenderun's Battlesphe  Conj           91%        2d14      1%          5
 Fireball                 Conj/Fire      32%        3d14      3%          5
 Alistair's Intoxication  Tmut/Pois      14%        N/A       50%         5
 Spellforged Servitor     Conj/Summ      32%        N/A       71%         7
 Manifold Assault         Tloc           14%        N/A       75%         5
 Blade Hands              Tmut           15%        N/A       75%         6
 Eringya's Noxious Bog    Tmut/Pois      11%        N/A       97%         6
 Dragon Form              Tmut           15%        N/A       99%         7
 Dispersal                Tloc           7%         N/A       100%        6
 Disjunction              Tloc           7%         N/A       100%        8
 Sublimation of Blood     Necr           Unusable   N/A       N/A         2
 Statue Form              Tmut/Erth      Unusable   N/A       N/A         6

Dungeon Overview and Level Annotations

Branches:
Dungeon (11/15)            Temple (0/1) D:6            Lair (6/6) D:8
  Swamp (0/4) Lair:4        Snake (0/4) Lair:3        Slime (0/5) Lair:6
    Orc (2/2) D:10            Elf (0/3) Orc:2         Sewer (visited)
 Bailey (visited)

Altars:
Ashenzari
Cheibriados
Dithmenos
Gozag
Hepliaklqana
Qazlal
Ru
Trog
Wu Jian
Yredelemnul
Zin
The Shining One
Jiyva

Shops:
D:9 !   Orc:1 *:=:[

Annotations:
D:7 2 transporters
D:11 Snorg
Lair:2 2 transporters, Zapai's ghost, journeyman DgAr
Lair:3 exclusion: 4 oklob plants
Lair:6 1 runed translucent door


Innate Abilities, Weirdness & Mutations

You are immune to sickness and miasma.
Your stone body is resilient. (AC +10)
You are immune to poison.
Your large and strong wings let you fly.
You resist negative energy. (rN+)
You are resistant to electric shocks. (rElec)
You are resistant to unholy torment.
You are immune to petrification.


Message History

The ogre is heavily wounded.
The orc knight shoots a bolt.
The bolt closely misses you.
The orc warlord shoots a bolt.
The bolt hits you!! The ogre hits you with a +0 giant club!
You are too injured to fight recklessly!
You fly upwards.
There is a stone staircase leading down here.
Casting: Irradiate (dangerous; 1% risk of failure)
Confirm with . or Enter, or press ? or * to list all spells.
You feel a surge of power!
You erupt in a fountain of uncontrolled magic!
The ogre is blasted with magical radiation!!
You kill the ogre!
You start resting.
Your magical contamination has completely faded away.
You start resting.
Magic restored.
You start resting.
HP restored.
You fly downwards.
The orc knight unwields a +0 arbalest.
The orc knight wields a +0 great mace.
The orc knight misses you.
The orc warrior hits you with a +2 long sword of electrocution.
The orc sorcerer gestures at you while chanting.
You suddenly lose the ability to move!
The orc knight roars a battlecry!
The orcs go into a battle-frenzy!
The orc warrior hits you but does no damage.
The orc warlord shoots a bolt.
The bolt hits you!!
The orc knight hits you with a +0 great mace.
The orc warrior hits you with a +2 long sword of electrocution!
The orc warlord shoots a bolt.
The bolt hits you!!
* * * LOW HITPOINT WARNING * * *
The orc knight hits you but does no damage.
The orc warrior hits you but does no damage.
The orc sorcerer casts a spell.
The orc warlord shoots a bolt.
The bolt hits you!!
* * * LOW HITPOINT WARNING * * *
The orc knight hits you but does no damage.
The orc warrior hits you with a +2 long sword of electrocution!
You die...

* ####### #####.###
##.##...### ##......##.##
##.#..#.##...###
#####.......##.).###
#####...#....##.#####
##.#.........#[o[.###
#.....>.......)o@o..##
***
....o.o.......3#)[...## *
* #..O.........[.o).#...#
..o.......#.#.#[[..#.##**
* ,,
.$.o#......#......#### ,
*** ,
................####
,,,** *
.............#..#.## ,
,,, * ............#..^.
,,, ,,,
.................. , ,,
,,


You could see an orc warlord, an orc knight, a soul eater (summoned), an orc
sorcerer (strong) and an orc warrior (strong).

Vanquished Creatures
  Erolcha (D:10)
  Harold (D:8)
  A boulder beetle (Lair:6)
  4 hydras
  A catoblepas (Lair:3)
  3 two-headed ogres
  An orc high priest (Orc:1)
  5 death yaks
  A swamp dragon (Lair:4)
  2 orc knights
  2 orc sorcerers
  An ugly thing (D:8)
  An oklob plant (Lair:4)
  An elephant (Lair:4)
  5 black mambas
  24 cane toads
  3 torpor snails
  5 rime drakes
  12 komodo dragons
  2 trolls
  3 polar bears (Lair:4)
  5 tyrant leeches (Lair:6)
  7 dream sheep (Lair:6)
  Prince Ribbit (D:6)
  A slime creature (D:8)
  17 blink frogs
  A meliai zombie (D:11)
  6 wyverns
  46 yaks
  3 steam dragons
  7 basilisks
  6 vampire mosquitoes (Lair:6)
  2 nagas (Lair:3)
  7 wargs
  Edmund (D:6)
  A floating eye (shapeshifter) (D:9)
  An acid dragon (D:9)
  15 water moccasins
  16 orc warriors
  2 black bears
  An ice beast (D:5)
  A sky beast (D:6)
  6 centaurs
  48 wolves
  5 ogres
  2 kobold brigands (D:9)
  28 bullfrogs
  8 gnoll sergeants (Bailey)
  A wyvern zombie (D:4)
  4 scorpions
  16 killer bees
  7 wights
  2 howler monkeys
  An electric eel (Lair:6)
  2 jellies
  A centaur zombie (D:9)
  11 orc priests
  4 hounds
  6 gnoll shamans (Bailey)
  12 orc wizards
  5 iguanas
  7 hell rats (Lair:2)
  2 killer bee zombies
  Robin (D:2)
  18 gnolls
  9 adders
  A howler monkey skeleton (D:7)
  10 river rats
  A shadow imp (D:7)
  2 white imps
  An ufetubus (D:6)
  4 worms
  3 dart slugs
  44 orcs
  19 ball pythons
  10 endoplasms
  3 giant cockroaches
  17 goblins
  10 hobgoblins
  4 jackals
  9 quokkas
  2 bats (D:2)
  17 frilled lizards
  17 kobolds
  40 rats
646 creatures vanquished.

Vanquished Creatures (others)
  55 fungi
  134 plants
189 creatures vanquished.

Grand Total: 835 creatures vanquished

Notes
Turn   | Place    | Note
-------+----------+-------------------------------------------
     0 | D:1      | freelancePsychic the Gargoyle Earth Elementalist began the
                  | quest for the Orb.
     0 | D:1      | Reached XP level 1. HP: 10/10 MP: 3/3
   347 | D:1      | You fall into a shaft and drop 1 floor!
   349 | D:2      | Reached XP level 2. HP: 15/15 MP: 5/5
   372 | D:2      | Noticed Robin
   481 | D:1      | Reached skill level 1 in Conjurations
   835 | D:1      | Reached XP level 3. HP: 10/19 MP: 2/6
  1072 | D:1      | Learned a level 3 spell: Stone Arrow
  1608 | D:2      | Reached XP level 4. HP: 22/24 MP: 4/8
  2395 | D:2      | Killed Robin
  2582 | D:2      | Reached XP level 5. HP: 28/28 MP: 9/9
  2832 | D:3      | Found a glowing drain.
  2842 | Sewer    | Entered a sewer
  2897 | Sewer    | Reached skill level 5 in Earth Magic
  3591 | Sewer    | Reached XP level 6. HP: 21/32 MP: 11/11
  4208 | D:3      | Found a faded altar of an unknown god.
  4226 | D:3      | Found an ornate altar of the Wu Jian Council.
  5100 | D:4      | Reached XP level 7. HP: 33/36 MP: 9/13
  5403 | D:4      | Found a broken altar of Ashenzari.
  5494 | D:4      | Became a worshipper of Ashenzari the Shackled
  5536 | D:4      | Found a sacrificial altar of Ru.
  6028 | D:5      | Entered Level 5 of the Dungeon
  6194 | D:5      | Reached skill level 5 in Conjurations
  6497 | D:5      | Reached skill level 1 in Fighting
  6497 | D:5      | Reached skill level 5 in Spellcasting
  6497 | D:5      | Reached XP level 8. HP: 43/43 MP: 8/15
  6771 | D:5      | Identified the +6 flail of Arrival {vorpal, Str+4 Dex+5}
  7209 | D:6      | Reached * piety under Ashenzari
  7218 | D:6      | Found a snail-covered altar of Cheibriados.
  7292 | D:6      | Found a staircase to the Ecumenical Temple.
  7341 | D:6      | Noticed Edmund
  7347 | D:6      | Killed Edmund
  7869 | D:6      | Noticed Prince Ribbit
  8092 | D:7      | Reached ** piety under Ashenzari
  8113 | D:7      | Reached skill level 5 in Fighting
  8142 | D:7      | Found a transporter.
  8184 | D:7      | Found a large runed translucent door.
  8185 | D:7      | Found a large runed translucent door.
  8210 | D:7      | Found an opulent altar of Gozag.
  8306 | D:7      | Noticed a cyclops
  8326 | D:7      | Noticed a red ugly thing
  8348 | D:7      | Reached XP level 9. HP: 53/54 MP: 10/16
  8421 | D:7      | Noticed a gargoyle
  8434 | D:7      | Identified the +0 plate armour "Zairhysch" {Slay+3}
  8435 | D:7      | Noticed a boulder beetle
  8598 | D:7      | Found a glowing silver altar of Zin.
  8816 | D:7      | Found a transporter.
  8866 | D:7      | Identified the +10 falchion of Fabulous Innocence {protect,
                  | rPois Dex+2}
  9394 | D:7      | Found a shadowy altar of Dithmenos.
  9405 | D:7      | Found a stormy altar of Qazlal.
  9459 | D:6      | Found a snail-covered altar of Cheibriados.
  9548 | D:6      | Found a staircase to the Ecumenical Temple.
  9909 | D:6      | Killed Prince Ribbit
  9910 | D:6      | Reached skill level 10 in Earth Magic
 10012 | D:7      | Learned a level 5 spell: Lee's Rapid Deconstruction
 10032 | D:8      | Noticed Harold
 10131 | D:8      | Killed Harold
 10403 | D:8      | Noticed a boulder beetle
 10813 | D:8      | Reached XP level 10. HP: 29/66 MP: 15/19
 10862 | D:8      | Noticed a green ugly thing
 10880 | D:8      | Killed a green ugly thing
 11022 | D:8      | Found a staircase to the Lair.
 11081 | D:8      | HP: 2/66 [large slime creature (32)]
 11638 | D:8      | Noticed a six-headed hydra
 11641 | D:8      | Killed a six-headed hydra
 11756 | D:8      | Learned a level 4 spell: Petrify
 11922 | D:8      | Reached skill level 1 in Transmutations
 12386 | D:8      | Identified the +7 plate armour of the Moon Troll {+Inv
                  | rElec Int+2}
 12449 | D:8      | Reached skill level 5 in Dodging
 12554 | D:9      | Found Inopt's Distillery.
 12622 | D:9      | Noticed a two-headed ogre
 12766 | Lair:1   | Entered Level 1 of the Lair of Beasts
 13327 | Lair:1   | Reached XP level 11. HP: 69/71 MP: 2/21
 13501 | Lair:1   | Noticed a four-headed hydra
 13715 | Lair:2   | Reached *** piety under Ashenzari
 13747 | Lair:2   | Reached **** piety under Ashenzari
 13782 | Lair:2   | Noticed an eight-headed hydra
 13789 | Lair:2   | Killed an eight-headed hydra
 14117 | Lair:2   | Found a transporter.
 14119 | Lair:2   | Noticed a spriggan rider
 14121 | Lair:2   | Noticed a moth of wrath
 14124 | Lair:2   | Noticed Zapai's ghost (journeyman DgAr)
 14764 | Lair:2   | Found a transporter.
 14765 | Lair:2   | Found a bloodstained altar of Trog.
 14777 | Lair:2   | Noticed a moth of wrath
 15011 | Lair:2   | Reached skill level 1 in Shields
 15437 | Lair:1   | Killed a four-headed hydra
 15872 | D:8      | Killed a two-headed ogre
 15873 | D:8      | Reached XP level 12. HP: 73/79 MP: 14/27
 16672 | D:10     | Entered Level 10 of the Dungeon
 16873 | D:10     | Found a staircase to the Orcish Mines.
 16927 | D:10     | Found a hazy altar of Hepliaklqana.
 17118 | D:10     | Found a basalt altar of Yredelemnul.
 17118 | D:10     | Noticed Erolcha
 17123 | D:10     | Killed Erolcha
 17246 | D:10     | Noticed a two-headed ogre
 17250 | D:10     | Killed a two-headed ogre
 17257 | D:10     | Learned a level 5 spell: Irradiate
 17293 | D:10     | Found a glowing golden altar of the Shining One.
 17669 | D:10     | Identified the +6 broad axe "Bimadat" {protect, *Slow rElec
                  | rC+ Str+7}
 17715 | D:11     | Found a flagged portal.
 17727 | Bailey   | Entered a bailey
 18542 | D:11     | Noticed Snorg
 19193 | Lair:2   | Reached ***** piety under Ashenzari
 19381 | Lair:3   | Reached skill level 10 in Fighting
 19738 | Lair:3   | Noticed a catoblepas
 19740 | Lair:3   | Reached XP level 13. HP: 86/86 MP: 17/28
 20128 | Lair:3   | Reached skill level 5 in Shields
 20226 | Lair:3   | Found a staircase to the Snake Pit.
 21033 | Lair:4   | Reached skill level 10 in Conjurations
 21339 | Lair:4   | Reached skill level 1 in Evocations
 21505 | Lair:4   | Identified a scroll of acquirement
 21529 | Lair:4   | Acquired the +11 crystal plate armour of Parlour Games
                  | {Str+5 SInv}
 22006 | Lair:3   | Reached skill level 1 in Armour
 22727 | Lair:4   | Found a staircase to the Swamp.
 22788 | Lair:4   | Learned a level 6 spell: Iron Shot
 22796 | Lair:4   | Learned a level 7 spell: Orb of Destruction
 23208 | Lair:5   | Identified the +7 long sword "Ulik" {speed, rPois Dex+2}
 23363 | Lair:5   | Gained mutation: Your large and strong wings let you fly.
                  | [Gargoyle growth]
 23363 | Lair:5   | Reached XP level 14. HP: 92/92 MP: 25/29
 23649 | Lair:5   | Reached skill level 5 in Armour
 24362 | Lair:6   | Entered Level 6 of the Lair of Beasts
 25036 | Lair:6   | Found a runed translucent door.
 25053 | Lair:6   | Found a viscous altar of Jiyva.
 25053 | Lair:6   | Found a staircase to the Slime Pits.
 25053 | Lair:6   | Noticed an azure jelly
 25053 | Lair:6   | Noticed an azure jelly
 25053 | Lair:6   | Noticed an azure jelly
 27007 | Lair:6   | Found the +2 Maxwell's thermic engine {flame, freeze}
 27008 | Lair:6   | Found the +8 whip "Snakebite" {curare, rPois}
 27315 | Orc:1    | Entered Level 1 of the Orcish Mines
 27698 | Orc:2    | Entered Level 2 of the Orcish Mines
 28042 | Orc:1    | Found Xarirch's Jewellery Shoppe.
 28045 | Orc:1    | Found Himm's Assorted Antiques.
 28161 | Orc:1    | Found Ypoog's Armour Shoppe.
 28263 | Orc:1    | Found Qeyxos's Book Shoppe.
 28275 | Orc:1    | Found Xusowoh's Book Shoppe.
 28857 | Orc:2    | Found a staircase to the Elven Halls.
 29045 | Orc:2    | Noticed an orc warlord
 29231 | Orc:2    | Paralysed by an orc sorcerer for 6 turns
 29234 | Orc:2    | HP: 2/92 [orc warlord/bolt (24)]
 29234 | Orc:2    | Mangled by an orc warrior

Illustrated notes

Levels and vault maps discovered:
D:1:      minmay_arrival_stone_box, layout_rooms, minmay_lizard_king
D:2:      minmay_chambers_of_twos, layout_rooms, roderic_cross_of_infinity,
          minmay_joined_circles, uniq_robin
D:3:      layout_basic, nzn_wu_jian_contemplation,
          hellmonk_ecumenical_altar_heavens_door, cheibrodos_sewer_entry_drain
D:4:      layout_basic, marbit_many_paths, nicolae_ashenzari_skybound
D:5:      layout_basic, serial_bayou_pond_d
D:6:      layout_gridville, old_standard_altar, minmay_temple_entry_mini_moons,
          uniq_prince_ribbit1, uniq_edmund
D:7:      gammafunk_the_bubble [the_bubble_gammafunk_split], layout_gridville,
          jmf_multi_god_temple2, pdpol_temple_overflow_zin_treasury_gozag_greed,
          minmay_starry_boxes
D:8:      minmay_tri_box, layout_loops_cross, erik_lair_orcish_takeover,
          minmay_misc_feat_five, uniq_harold
D:9:      layout_basic, serial_shops, shop
D:10:     layout_small_grid, kennysheep_mini, kennysheep_little_box,
          lemuel_crystal_altar, orc_0_dummy, st_stairs_12,
          chequers_serial_rivers_large_b, minmay_lindwurm_lava, uniq_erolcha
D:11:     layout_cave_pools, enter_bailey_3, uniq_snorg
Lair:1:   layout_hall_layers, st_stairs_3
Lair:2:   lemuel_ratsnest, layout_chaotic_city,
          gammafunk_ghost_wrathful_warriors
Lair:3:   layout_layer_cave, guppyfry_snake_entry_garden, columned_hall_lemuel,
          grunt_forest_large_clearings, minmay_lair_oklob_chamber,
          serial_bayou_shore_b, serial_bayou_shore_b
Lair:4:   layout_regular_city, minmay_swamp_entry_reptiles, nzn_random_ring,
          grunt_megastairs_3, infiniplex_staircase_pool_2
Lair:5:   layout_hall_layers, serial_bayou_pond_a, lemuel_fruit_tree
Lair:6:   minmay_lair_end_frog_pond, layout_regular_city, slime_altar_2,
          nzn_sisyphean_effort, serial_bayou_shore_b, serial_bayou_shore_a
Orc:1:    layout_diamond_mine, serial_shops, shop, shop, shop_fountains,
          nicolae_shop_competitors_out_of_business, shop,
          nicolae_orc_sculptors_studio
Orc:2:    grunt_orc_gardens, layout_caves, grunt_orc_garden, grunt_orc_garden,
          grunt_orc_garden, grunt_orc_garden, mines2_david

Skill      XL: |  1  2  3  4  5  6  7  8  9 10 11 12 13 14 |
---------------+-------------------------------------------+-----
Conjurations   | 1 2 3 4 5 8 12 13 | 13.9
Earth Magic    | 4 5 6 7 9 11 12 13 | 13.5
Spellcasting   | 3 4 5 8 |  8.8
Fighting       | 1 5 7 8 10 | 10.4
Dodging        | 2 6 7 |  7.6
Transmutations | 2 |  2.8
Shields        | 2 4 5 7 |  7.6
Evocations     | 2 |  2.7
Armour         | 4 8 |  8.6
Stealth        | |  2.1

Action                   |  1- 3 |  4- 6 |  7- 9 | 10-12 | 13-15 || total
-------------------------+-------+-------+-------+-------+-------++-------
Melee: Hand axe          |     8 |       |       |       |       ||     8
       Dagger            |   108 |    46 |       |       |       ||   154
       Whip              |       |   217 |    55 |       |       ||   272
       Flail             |       |       |    81 |   279 |       ||   360
       Staff             |       |       |       |    10 |   134 ||   144
 Cast: Sandblast         |    33 |    42 |    15 |       |       ||    90
       Stone Arrow       |       |       |    45 |   211 |   115 ||   371
       Lee's Rapid Decon |       |       |     7 |    27 |     6 ||    40
       Petrify           |       |       |       |     6 |       ||     6
       Irradiate         |       |       |       |    19 |    41 ||    60
       Iron Shot         |       |       |       |       |   122 ||   122
       Orb of Destructio |       |       |       |       |    29 ||    29
Invok: Curse Item        |       |       |     4 |     4 |     2 ||    10
       Shatter the Chain |       |       |       |     1 |     1 ||     2
Evoke: Wand              |       |       |       |     6 |     2 ||     8
  Use: Scroll            |       |     7 |     1 |     6 |     2 ||    16
       Potion            |       |     2 |       |     3 |       ||     5
 Stab: Sleeping          |     3 |     2 |     2 |     1 |     1 ||     9
       Distracted        |       |       |     1 |       |       ||     1
       Petrified         |       |       |       |     5 |       ||     5
Armor: Robe              |    51 |   136 |    50 |   212 |    85 ||   534
Dodge: Dodged            |    67 |   196 |    78 |   567 |   181 ||  1089
Block: Other             |       |     5 |    26 |   148 |    63 ||   242
       Reflection        |       |       |       |     7 |     1 ||     8

Table legend: (Time is in decaauts)
 A = Elapsed time spent in this place.
 B = Non-inter-level travel time spent in this place.
 C = Inter-level travel time spent in this place.
 D = Time resting spent in this place.
 E = Time spent auto-exploring this place.
 F = Levels seen in this place.
 G = Mean time per level.
                   A        B        C        D        E       F      G
               +--------+--------+--------+--------+--------+-----+--------+
         Total |  29565 |  28636 |    929 |   2869 |  20774 |  21 | 1407.9 |
       Dungeon |  14080 |  13466 |    614 |    909 |  10169 |  11 | 1280.0 |
          Lair |  11478 |  11178 |    300 |   1411 |   7868 |   6 | 1913.0 |
  Orcish Mines |   1776 |   1762 |     14 |    549 |    946 |   2 |  888.0 |
         Sewer |   1416 |   1416 |      0 |      0 |   1147 |   1 | 1416.0 |
        Bailey |    813 |    813 |      0 |      0 |    643 |   1 |  813.0 |
               +--------+--------+--------+--------+--------+-----+--------+

Top non-repeatable levels by time:
  Lair:6: 2487 daAuts
     D:8: 2276 daAuts
  Lair:2: 2157 daAuts
     D:7: 1926 daAuts
  Lair:4: 1890 daAuts
  Lair:5: 1761 daAuts
   Orc:1: 1668 daAuts
  Lair:1: 1650 daAuts
    D:10: 1558 daAuts
  Lair:3: 1532 daAuts
     D:6: 1438 daAuts
   Sewer: 1416 daAuts
     D:1: 1414 daAuts
     D:2: 1376 daAuts
     D:5: 1174 daAuts
